 Dungeon Crawl Stone Soup version 0.28-a0-653-g7e9dba17c3 (webtiles) character file.

Game seed: 7446204333260448407

122 lawman0 the Chopper (level 4, -6/55 HPs)
             Began as a Palentonga Berserker on Oct 11, 2021.
             Was a Believer of Trog.
             Mangled by Crazy Yiuf (12 damage)
             ... on level 2 of the Dungeon.
             The game lasted 00:01:26 (2388 turns).

lawman0 the Chopper (Palentonga Berserker)          Turns: 2388, Time: 00:01:27

Health: -6/55      AC:  5    Str: 21    XL:     4   Next: 78%
Magic:  4/4        EV:  9    Int:  7    God:    Trog [**....]
Gold:   133        SH:  0    Dex: 10    Spells: 3/3 levels left

rFire   . . .      SeeInvis +   a - +0 hand axe
rCold   . . .      Faith    .   (no shield)
rNeg    . . .      Spirit   .   c - +0 ring mail
rPois   .          Reflect  .   (no helmet)
rElec   .          Harm     .   (no cloak)
rCorr   .          Rampage  .   (no gloves)
Will    .....                   (no barding)
Stlth   ..........              (no amulet)
HPRegen 0.18/turn               (no ring)
MPRegen 0.09/turn               (no ring)

@: berserking, hasted, very quick
A: large, rugged brown scales 3, see invisible, deformed body, roll 1, armoured
tail
a: Rolling Charge, Renounce Religion, Berserk, Trog's Hand


You were on level 2 of the Dungeon.
You worshipped Trog.
Trog was pleased with you.
You visited 1 branch of the dungeon, and saw 2 of its levels.

You collected 133 gold pieces.

Inventory:

Hand Weapons
 a - a +0 hand axe (weapon)
Armour
 b - a +0 animal skin
 c - a +0 ring mail (worn)
Scrolls
 e - a scroll of blinking {unknown}
 i - a scroll of holy word {unknown}
Potions
 d - 2 potions of lignification {unknown}
 f - a potion of haste {unknown}
 g - 2 potions of flight {unknown}
 h - a potion of curing {unknown}


   Skills:
 + Level 3.3 Fighting
 * Level 4.9 Axes
 + Level 2.1 Armour
 + Level 1.7 Dodging


You had 3 spell levels left.
You didn't know any spells.
Your spell library was empty.

Dungeon Overview and Level Annotations

Branches:
Dungeon (2/15)

Altars:

Annotations:
D:2 Crazy Yiuf


Innate Abilities, Weirdness & Mutations

You are completely covered in rugged brown scales. (AC +3, +7% HP)
You have supernaturally acute eyesight. (SInv)
Armour fits poorly on your strangely shaped body.
You can roll at nearby foes to attack.
You have a long armoured tail.


Message History

There is an open door here.
There is an open door here.
You see here a +0 club.
Crazy Yiuf says, "Scoff fast rumpyflump!"
Crazy Yiuf yells, "Candle!"
Crazy Yiuf whimpers, "Blight!"
No reachable target in view!
Could not explore, unopened runed door.
No reachable target in view!
Could not explore, unopened runed door.
No reachable target in view!
Key pressed, stopping explore.
No reachable target in view!
Could not explore, unopened runed door.
No reachable target in view!
Could not explore, unopened runed door.
You open the door.
A red film seems to cover your vision as you go berserk!
You feel yourself moving faster!
You feel mighty!
Crazy Yiuf hits you with a +2 quarterstaff of chaos!
You are electrocuted!!
You hit Crazy Yiuf.
Crazy Yiuf is lightly wounded.
You slash Crazy Yiuf!
Crazy Yiuf is severely wounded.
Crazy Yiuf hits you but does no damage.
You feel yourself speed up.
You closely miss Crazy Yiuf.
Crazy Yiuf is severely wounded.
Crazy Yiuf hits you with a +2 quarterstaff of chaos!
* * * LOW HITPOINT WARNING * * *
Crazy Yiuf burns you!
* * * LOW HITPOINT WARNING * * *
You are too injured to fight recklessly!
You hit Crazy Yiuf but do no damage.
Crazy Yiuf is severely wounded.
You are too injured to fight recklessly!
You closely miss Crazy Yiuf.
Your tail-slap misses Crazy Yiuf.
Crazy Yiuf is severely wounded.
Crazy Yiuf hits you with a +2 quarterstaff of chaos!
You die...

#.# #.....#####
#.# ##...## #.#
##.## ### #.# #.#
##'## ####♣♣ ###
#...## ##....♣♣
♣♣#..)# #....##
#......♣♣♣♣@g...#
#.....##
#.......♣..♣#...#
#......###
#.#....♣.♣♣♣ ###
#......'..
#.###♣♣♣♣♣
#......### #.#
#.....##
#.#############
#....##
#.........)...#
#...##
############.##
##'## #.# #.#


You could see Crazy Yiuf.

Vanquished Creatures
  Natasha (twice) (D:2)
  2 adders (D:2)
  A gnoll (D:1)
  A worm (D:2)
  2 dart slugs (D:1)
  6 bats
  5 endoplasms
  A giant cockroach (D:1)
  3 jackals (D:1)
  A quokka (D:2)
  A frilled lizard (D:1)
  3 goblins
  5 kobolds
  7 rats
40 creatures vanquished.

Vanquished Creatures (others)
  2 fungi (D:1)
  4 toadstools (D:1)
6 creatures vanquished.

Grand Total: 46 creatures vanquished

Notes
Turn   | Place    | Note
-------+----------+-------------------------------------------
     0 | D:1      | lawman0 the Palentonga Berserker began the quest for the
                  | Orb.
     0 | D:1      | Reached XP level 1. HP: 19/19 MP: 1/1
   204 | D:1      | Reached XP level 2. HP: 24/25 MP: 2/2
   534 | D:1      | Reached skill level 4 in Axes
   534 | D:1      | Reached XP level 3. HP: 20/31 MP: 3/3
   961 | D:2      | Noticed Natasha
   975 | D:2      | Killed Natasha
   976 | D:2      | Reached XP level 4. HP: 13/37 MP: 4/4
  1550 | D:2      | Noticed Natasha
  1559 | D:2      | Killed Natasha
  1559 | D:2      | Reached ** piety under Trog
  2168 | D:2      | Found a runed translucent door.
  2169 | D:2      | Noticed Crazy Yiuf
  2388 | D:2      | Mangled by Crazy Yiuf

Illustrated notes

Levels and vault maps discovered:
D:1:      wheals_arrival_shading, layout_basic, nrook_mini_backslash,
          minmay_gold_behind_fungi
D:2:      layout_loops_corners, kennysheep_generic_room_7,
          uniq_crazy_yiuf_cottage, uniq_natasha

Skill      XL: |  1  2  3 |
---------------+----------+-----
Axes           | 4 |  4.9
Armour         | 2 |  2.1
Fighting       | |  3.3
Dodging        | |  1.7

Action                   |  1- 3 |  4- 6 || total
-------------------------+-------+-------++-------
Melee: Hand axe          |    58 |    43 ||   101
       Tailslap          |     9 |     5 ||    14
Invok: Berserk           |     2 |     2 ||     4
Armor: Ring mail         |    29 |    17 ||    46
       Animal skin       |     1 |       ||     1
Dodge: Dodged            |    29 |    20 ||    49

Table legend: (Time is in decaauts)
 A = Elapsed time spent in this place.
 B = Non-inter-level travel time spent in this place.
 C = Inter-level travel time spent in this place.
 D = Time resting spent in this place.
 E = Time spent auto-exploring this place.
 F = Levels seen in this place.
 G = Mean time per level.
                   A        B        C        D        E       F      G
               +--------+--------+--------+--------+--------+-----+--------+
         Total |   2421 |   2402 |     19 |    431 |   1671 |   2 | 1210.5 |
       Dungeon |   2421 |   2402 |     19 |    431 |   1671 |   2 | 1210.5 |
               +--------+--------+--------+--------+--------+-----+--------+

Top non-repeatable levels by time:
     D:2: 1451 daAuts
     D:1: 970 daAuts
